 Dungeon Crawl Stone Soup version 0.17-a0-1020-ge683cc4 (webtiles) character file.

185 Const the Grave Robber (level 5, -4/35 HPs)
             Began as a Mummy Necromancer on May 14, 2015.
             Killed by divine providence
             ... invoked by an orc priest
              (15 damage)
             ... on level 3 of the Dungeon.
             The game lasted 00:12:18 (2573 turns).

Const the Grave Robber (Mummy Necromancer)          Turns: 2573, Time: 00:12:18

Health: -4/35      AC:  5    Str: 11    XL:     5   Next: 37%
Magic:  5/10       EV: 12    Int: 15    God:
Gold:   186        SH:  0    Dex: 13    Spells: 4 memorised, 2 levels left

rFire  . . .     SeeInvis .     p - +2 short sword (drain)
rCold  . . .     Clarity  .     a - +0 robe
rNeg   + + +     SustAb   .     (no shield)
rPois  ∞         Gourm    .     g - +0 helmet
rElec  .         Spirit   .     l - +1 cloak
rCorr  .         Warding  .     (no gloves)
rMut   +         Stasis   .     (no boots)
MR     .....                    j - amulet of resist mutation
Stlth  ++........               (no ring)
                                m - ring of fire

@: not resistant to hostile enchantments, unstealthy
A: no food or potions, fire vulnerability, cold resistance 1, negative energy
resistance 3, torment resistance, unbreathing
a: no special abilities


You were on level 3 of the Dungeon.
You were not hungry.

You visited 1 branch of the dungeon, and saw 3 of its levels.

You collected 186 gold pieces.

Inventory:

Hand weapons
 i - a +0 spear
 p - a +2 short sword of draining (weapon)
Armour
 a - a +0 robe (worn)
 g - a +0 helmet (worn)
 l - a +1 cloak (worn)
Jewellery
 j - an amulet of resist mutation (around neck)
 m - a ring of fire (left hand)
Scrolls
 c - 5 scrolls of identify {unknown}
 d - 3 scrolls of fear {unknown}
 e - a scroll of recharging {unknown}
 f - a scroll of enchant weapon {unknown}
 h - 2 scrolls of teleportation {unknown}
 k - 2 scrolls of enchant armour {unknown}
 n - a scroll of random uselessness {unknown}
 q - a scroll of remove curse {unknown}
 r - a scroll of immolation {unknown}
Books
 b - a book of Necromancy

   Spells                             Type                      Level
   a - Pain                           Necromancy                   1
   b - Animate Skeleton               Necromancy                   1
   c - Vampiric Draining              Necromancy                   3
   d - Regeneration                   Charms/Necromancy            3
   e - Animate Dead                   Necromancy                   4
   f - Control Undead                 Necromancy                   4
 o - a book of the Earth

   Spells                             Type                      Level
   a - Leda's Liquefaction            Hexes/Earth                  4
   b - Bolt of Magma                  Conjuration/Fire/Earth       5
   c - Statue Form                    Transmutation/Earth          6
   d - Iron Shot                      Conjuration/Earth            6
   e - Shatter                        Earth                        9


   Skills:
 - Level 1.6 Dodging
 - Level 1.6 Stealth
 + Level 3.9 Spellcasting
 + Level 5.4 Necromancy


You had 2 spell levels left.
You knew the following spells:

 Your Spells              Type           Power        Failure   Level  Hunger
a - Pain                  Necr           ###.         1%          1    N/A
b - Animate Skeleton      Necr           N/A          1%          1    N/A
c - Vampiric Draining     Necr           ###.......   10%         3    N/A
d - Animate Dead          Necr           N/A          24%         4    N/A

Dungeon Overview and Level Annotations

Branches:
Dungeon (3/15)

Altars:
Ashenzari
Fedhas
Okawaru
Qazlal
Xom


Innate Abilities, Weirdness & Mutations

You do not eat or drink.
Your flesh is vulnerable to fire.
You are immune to poison.
Your flesh is cold resistant.
You are immune to negative energy.
You are immune to unholy pain and torment.
You can survive without breathing.


Message History

Confirm with . or Enter, or press ? or * to list all spells.
Aiming: Pain
Press: ? - help, Shift-Dir - straight line, f - orc
Aim: an orc, wielding a mace and wearing a ring mail (chance to defeat MR: 89%)
The orc convulses in agony!
The orc hits you with a mace.
Casting: Pain
Confirm with . or Enter, or press ? or * to list all spells.
Aiming: Pain
Press: ? - help, Shift-Dir - straight line, f/p - orc
Aim: an orc, wielding a mace and wearing a ring mail (moderately wounded, chance to defeat MR: 89%)
The orc barely resists.
The orc hits you with a mace.
Casting: Pain
Confirm with . or Enter, or press ? or * to list all spells.
Aiming: Pain
Press: ? - help, Shift-Dir - straight line, f/p - orc
Aim: an orc, wielding a mace and wearing a ring mail (moderately wounded, chance to defeat MR: 89%)
The orc convulses in agony!
The orc priest invokes the aid of Beogh against you.
Something smites you!
You die...

#.........# .o... #.#.###.
#####.##### .o.$ #.#.###. #Z#
#..### #....... #.# ....##
###.#### ####.### #..?.#.# #.#
#(...Z.# ##†.....# #.# ###.##.#.#
#[......# #.#
#........######......####.#
####.#.##..[....@oo..........####
........##..######.#########.##..
.###.#..##..# ...# #.[..(# .#
#........# #[..# ##>#### .#
####..#### #...# #.# .# ##.#
#...# #.# .# #.# #...# #.# .# #.#
..# ##.#### .# #.####
######%.....


You could see an orc priest and an orc.

Vanquished Creatures
  A hound (D:3)
  2 orc wizards (D:3)
  Natasha (D:3)
  A worm (D:3)
  A giant gecko (D:1)
  4 orcs
  2 ball pythons
  7 hobgoblins
  4 jackals (D:1)
  10 bats
  A giant cockroach (D:2)
  2 giant newts
  12 goblins
  8 kobolds
  6 rats
62 creatures vanquished.

Vanquished Creatures (collateral kills)
  2 orcs
  A hobgoblin (D:2)
  A kobold (D:2)
  A giant newt (D:3)
5 creatures vanquished.

Grand Total: 67 creatures vanquished

Notes
Turn   | Place    | Note
--------------------------------------------------------------
     0 | D:1      | Const the Mummy Necromancer began the quest for the Orb.
     0 | D:1      | Reached XP level 1. HP: 13/13 MP: 3/3
    12 | D:1      | Learned a level 1 spell: Animate Skeleton
   457 | D:1      | Reached XP level 2. HP: 19/19 MP: 0/5
  1260 | D:2      | Reached XP level 3. HP: 21/24 MP: 1/6
  1433 | D:2      | Found a shattered altar of Ashenzari.
  1435 | D:2      | Found a shimmering altar of Xom.
  1435 | D:2      | Found a blossoming altar of Fedhas.
  1551 | D:2      | Found a stormy altar of Qazlal.
  1698 | D:2      | Found an iron altar of Okawaru.
  1903 | D:3      | Learned a level 3 spell: Vampiric Draining
  2133 | D:3      | Reached XP level 4. HP: 30/30 MP: 4/8
  2227 | D:3      | Reached skill level 5 in Necromancy
  2392 | D:3      | Noticed Natasha
  2399 | D:3      | Learned a level 4 spell: Animate Dead
  2406 | D:3      | Killed Natasha
  2406 | D:3      | Reached XP level 5. HP: 35/35 MP: 6/10
  2560 | D:3      | Your ally Natasha died
  2573 | D:3      | Killed from afar by an orc priest

Vault maps used:
D:1:      wheals_arrival_linesprint, hangedman_decor_diamond_cutter,
          wad_floor_pattern_untrapped, minmay_cut_off
D:2:      nicolae_qazlal_eye_of_the_storm, nicolae_overflow_hidden_temple,
          okawaru_altar_gauntlet_db
D:3:      first_bread, uniq_crazy_yiuf_cottage, uniq_natasha

Action                   |  1- 3 |  4- 6 || total
-------------------------+-------+-------++-------
Melee: Unarmed           |    22 |       ||    22
       Spear             |    37 |       ||    37
       Short sword       |    18 |    29 ||    47
 Cast: Pain              |    61 |    20 ||    81
       Animate Skeleton  |    10 |     2 ||    12
       Vampiric Draining |       |     1 ||     1
       Animate Dead      |       |     1 ||     1
